 Dungeon Crawl Stone Soup version 0.26-a0-808-g930a2b7adc (webtiles) character file.

Game seed: 1463250390448564068

20 ANON1729 the Sneak (level 2, 0/22 HPs)
             Began as a Deep Dwarf Wanderer on Nov 12, 2020.
             Slain by a hobgoblin
             ... wielding a +0 club
              (1 damage)
             ... on level 2 of the Dungeon.
             The game lasted 00:01:40 (818 turns).

ANON1729 the Sneak (Deep Dwarf Wanderer)             Turns: 818, Time: 00:01:41

Health: 0/22       AC:  2    Str: 14    XL:     2   Next: 58%
Magic:  2/2        EV: 13    Int: 13    God:
Gold:   77         SH:  0    Dex: 12    Spells: 1/1 levels left

rFire    . . .     SeeInvis .   a - +0 spear
rCold    . . .     Faith    .   (no shield)
rNeg     . . .     Spirit   .   d - +0 robe
rPois    .         Reflect  .   (no helmet)
rElec    .         Harm     .   (no cloak)
rCorr    .         Rampage  .   (no gloves)
MR       .....                  (no boots)
Stlth    ++........             (no amulet)
HPRegen  0.00/turn              (no ring)
MPRegen  0.08/turn              (no ring)

@: non-regenerating
A: damage resistance, heal wounds, sense surroundings 1, no regeneration
a: Heal Wounds


You were on level 2 of the Dungeon.
You visited 1 branch of the dungeon, and saw 2 of its levels.

You collected 77 gold pieces.

Inventory:

Hand Weapons
 a - a +0 spear (weapon)
 e - a +0 dagger
Armour
 d - a +0 robe (worn)
Scrolls
 c - 2 scrolls of identify {unknown}
 h - a scroll of remove curse {unknown}
 i - a scroll of fog {unknown}
Potions
 b - a potion of curing {unknown}
 f - 2 potions of heal wounds {unknown}
 g - a potion of resistance {unknown}


   Skills:
   Level 3.0 Long Blades
 + Level 2.7 Dodging
 + Level 3.1 Stealth
 + Level 1.0 Unarmed Combat
   Level 1.0 Transmutations
   Level 1.3 Air Magic


You had one spell level left.
You didn't know any spells.
Your spell library contained the following spells:

 Spells                   Type           Power        Failure   Level
 Shock                    Conj/Air       #...         24%         1
 Sting                    Tmut/Pois      #...         26%         1
 Swiftness                Air            #.......     26%         2
 Static Discharge         Conj/Air       #.......     56%         3
 Spider Form              Tmut/Pois      #.........   58%         3
 Airstrike                Air            #.........   87%         4
 Lightning Bolt           Conj/Air       #.........   100%        5


Dungeon Overview and Level Annotations

Branches:
Dungeon (2/15)

Altars:
Kikubaaqudgha


Innate Abilities, Weirdness & Mutations

You are resistant to damage.
You can heal yourself by infusing magical energy.
You passively map a small area around you.
You do not regenerate.


Message History

You barely miss the hobgoblin. The hobgoblin completely misses you.
You barely miss the hobgoblin. The hobgoblin closely misses you.
You hit the hobgoblin.
The hobgoblin is heavily wounded.
The hobgoblin hits you but does no damage.
You completely miss the hobgoblin.
The hobgoblin is heavily wounded.
The hobgoblin hits you with a +0 club.
* * * LOW HITPOINT WARNING * * *
You barely miss the hobgoblin.
The hobgoblin is heavily wounded.
The hobgoblin hits you with a +0 club.
* * * LOW HITPOINT WARNING * * *
You closely miss the hobgoblin.
The hobgoblin is heavily wounded.
The hobgoblin barely misses you.
You closely miss the hobgoblin.
The hobgoblin is moderately wounded.
The hobgoblin hits you with a +0 club.
You die...

* , , .. , , , *
..#..##... , ,
#....... * ,
#...#... ,
*.##...#.. , , ,,
......... ,
........######...,
*#......@g...... ,
#.#.#.#######.. , *
,* *#.#.#.# * * .
(##.#.#.# * , ..
,..##.....# * , #.
#.##.....# #.# #..,
, #. #)##....## ...
*#.#*
#.###.##.##########*
#.# #.#
#..##.#...........#
#.# #.#


You could see a hobgoblin.

Vanquished Creatures
  2 leopard geckos (D:2)
  A giant cockroach (D:1)
  2 goblins (D:1)
  3 hobgoblins (D:1)
  A kobold (D:1)
  3 frilled lizards (D:1)
  6 rats
18 creatures vanquished.

Notes
Turn   | Place    | Note
-------+----------+-------------------------------------------
     0 | D:1      | ANON1729 the Deep Dwarf Wanderer began the quest for the
                  | Orb.
     0 | D:1      | ANON1729 set off with the following items: a +0 spear, a +0
                  | robe, a +0 dagger; and the following spells available to
                  | memorise: Shock, Sting, Swiftness, Static Discharge, Spider
                  | Form, Airstrike, Lightning Bolt
     0 | D:1      | Reached XP level 1. HP: 15/15 MP: 1/1
   379 | D:1      | Reached XP level 2. HP: 10/22 MP: 2/2
   678 | D:2      | Found an ancient bone altar of Kikubaaqudgha.
   768 | D:2      | Reached skill level 1 in Unarmed Combat
   816 | D:2      | HP: 1/22 [hobgoblin/+0 club (2)]
   818 | D:2      | Slain by a hobgoblin

Illustrated notes

Levels and vault maps discovered:
D:1:      lemuel_arrival_room, layout_loops_ring
D:2:      layout_basic, nicolae_dithmenos_through_a_glass_darkly,
          kiku_gazebo_pond_becter, feat_on_display, uniq_sigmund

Skill      XL: |  1  2 |
---------------+-------+-----
Stealth        | 3 |  3.1
Unarmed Combat | 1 |  1.0
Long Blades    | |  3.0
Dodging        | |  2.7
Transmutations | |  1.0
Air Magic      | |  1.3

Action                   || total
-------------------------++-------
Melee: Spear             ||    78
 Stab: Sleeping          ||     3
Armor: Robe              ||    12
Dodge: Dodged            ||    37

Table legend: (Time is in decaauts)
 A = Elapsed time spent in this place.
 B = Non-inter-level travel time spent in this place.
 C = Inter-level travel time spent in this place.
 D = Time resting spent in this place.
 E = Time spent auto-exploring this place.
 F = Levels seen in this place.
 G = Mean time per level.
                   A        B        C        D        E       F      G
               +--------+--------+--------+--------+--------+-----+--------+
         Total |    826 |    812 |     14 |      0 |    614 |   2 |  413.0 |
       Dungeon |    826 |    812 |     14 |      0 |    614 |   2 |  413.0 |
               +--------+--------+--------+--------+--------+-----+--------+

Top non-repeatable levels by time:
     D:1: 667 daAuts
     D:2: 158 daAuts
